[Event "*** SCC Grand Prix: Titled Tuesday Blitz"]
[Site "Chess.com"]
[Date "2020.08.25"]
[Round "4"]
[White "Shubinkirill2003"]
[Black "Infernal_XaM"]
[Result "0-1"]
[WhiteElo "2649"]
[BlackElo "2910"]
[TimeControl "180+1"]
[EndTime "10:43:10 PDT"]
[Termination "Infernal_XaM won on time"]

1. e4 d5 2. exd5 Qxd5 3. Nc3 Qd6 4. Nf3 Nf6 5. Bc4 a6 6. a4 Nc6 7. h3 Bf5 8. O-O e6 9. d3 Be7 10. Re1 O-O-O 11. Ng5 Bg6 12. Nge4 Nxe4 13. Nxe4 Qe5 14. Nc3 Qh5 15. Qxh5 Bxh5 16. Be3 Nd4 17. Bxd4 Rxd4 18. Ne2 Rd6 19. Nf4 Bg6 20. Nxg6 hxg6 21. c3 Bf6 22. d4 Rh4 23. b3 Rd8 24. Rac1 g5 25. f3 Rh6 26.
Red1 Be7 27. d5 e5 28. Bd3 a5 29. Re1 Bd6 30. Kf1 Re8 31. Rc2 Bc5 32. Rce2 f6 33. Bf5+ Kd8 34. Rd1 Ke7 35. Rb2 Ra8 36.
Be4 Kd6 37. Bf5 Rh4 38. Be6 Rf4 39. Re2 Rh4 40. Re4 Rf4 41. Re2 f5 42. Ke1 e4 43.
fxe4 fxe4 44. Kd2 e3+ 45. Kd3 Rf2 46. Rde1 Raf8 47. Kc2 Rxe2+ 48. Rxe2 Rf1 49. Kd3 Rd1+ 50. Ke4 Rd2 51. Kf3 Rd3 52. Rc2 Rd1 53. Re2 Rf1+ 54. Ke4 Rf4+ 55. Kd3 Ke5 56. b4 axb4 57. cxb4 Rxb4 58.
Rc2 Kd6 59. a5 Ra4 60. Bc8 Rxa5 61. Bxb7 Ra3+ 62. Ke2 Ra1 63. Bc6 Rg1 64. Kf3 Rf1+ 65. Ke2 Rf4 66. Kd3 Bb6 67. Ke2 Ke5 68. Kd3 g4 69.
hxg4 Rxg4 70. Re2 Kf4 71. Kc2 Kg3 72. Kd3 Rb4 73. Kc3 Rh4 74. Kd3 Rh6 75. Kc3 Kf4 76.
Kd3 Ke5 77. Kc3 Rh8 78. Kd3 Rh1 79. Kc3 Rd1 80. Kc2 Ra1 81. Kd3 Ra3+ 82. Kc2 Kd4 83. Re1 Ra2+ 84. Kb3 Rd2 85. Bb5 Kxd5 86. Re2 Rd1 87. Kc2 Rg1 88. Be8 Kd4 89. Bh5 Ba5 90. Bf3 Bd2 0-1

[Event "*** SCC Grand Prix: Titled Tuesday Blitz"]
[Site "Chess.com"]
[Date "2020.08.25"]
[Round "4"]
[White "TST2014"]
[Black "VincentKeymer"]
[Result "0-1"]
[WhiteElo "2501"]
[BlackElo "2801"]
[TimeControl "180+1"]
[EndTime "10:43:18 PDT"]
[Termination "VincentKeymer won by resignation"]

1. d4 Nf6 2. c4 e6 3. Nf3 d5 4. Nc3 c6 5. e3 Nbd7 6. Qc2 Bd6 7. Be2 O-O 8. O-O b6 9. b3 Bb7 10. Bb2 Re8 11. Rfd1 Rc8 12. e4 e5 13. exd5 cxd5 14. Nb5 Bb8 15. dxe5 Nxe5 16. Nxe5 Bxe5 17. Bxe5 Rxe5 18. Nxa7 Qe8 19. Nxc8 Rxe2 20. Nd6 Rxc2 21. Nxe8 Nxe8 22. cxd5 Nd6 23. a4 Kf8 24. a5 bxa5 25.
Rxa5 Rb2 26. Ra3 Ke7 27. f3 Kd7 28. h4 Nb5 29. Ra5 Rxb3 30. h5 h6 31. Kh2 Nd6 32.
Rd4 Rb2 33. Rc5 Nf5 34. Rf4 Nd6 35. Rg4 Ne8 36. Rf4 f6 37. Rg4 Rd2 38. Rb4 Bxd5 39. Kg3 Bc6 40. Rb6 Rd6 41. Ra6 Bb7 42. Rxd6+ Nxd6 43. Ra5 Ke6 44. Kf4 Nc8 45. Rb5 Bc6 46. Rb8 Ne7 47. g4 Nd5+ 48. Kg3 Ne7 49. Rb6 Kd6 50.
Ra6 Nd5 51. f4 Nc3 52. Ra7 Ne4+ 53. Kh4 Bd7 54. Ra6+ Ke7 55. Ra7 Nd2 56. g5 fxg5+ 57. fxg5 Nf3+ 58. Kg3 Nxg5 59. Kf4 Nf7 60. Rb7 Ke6 61.
Rb6+ Nd6 62. Ra6 Be8 63. Kg4 Ke7 64. Ra7+ Bd7+ 65. Kf4 Ne8 66. Rb7 Nf6 67. Ke5 Nxh5 68. Rb1 Nf6 69. Rg1 Kf7 70. Rf1 h5 71. Rf2 Bg4 72.
Kf4 Kg6 73. Rg2 Kh6 74. Ke5 h4 75. Rh2 Kh5 76. Rh1 h3 77. Kf4 Kh4 78. Rc1 h2 79. Rh1 Kh3 80. Re1 Kh4 81. Rh1 Nh5+ 82. Ke3 Kh3 83.
Kf2 Ng3 84. Rc1 h1=Q 85. Rxh1+ Nxh1+ 86. Ke3 Ng3 87. Kf4 Nh5+ 88. Kg5 Kg3 89. Kg6 Kf4 90. Kh7 g5 91. Kg6 Ng3 92. Kh6 Ne4 93. Kg6 Bf5+ 94.
Kh6 g4 95. Kh5 g3 96. Kh4 g2 97. Kh5 g1=Q 0-1

[Event "*** SCC Grand Prix: Titled Tuesday Blitz"]
[Site "Chess.com"]
[Date "2020.08.25"]
[Round "4"]
[White "Koksik_13"]
[Black "Oleksandr_Bortnyk"]
[Result "1/2-1/2"]
[WhiteElo "2671"]
[BlackElo "2928"]
[TimeControl "180+1"]
[EndTime "10:43:21 PDT"]
[Termination "Game drawn - insufficient material"]

1. d4 Nf6 2. Nc3 d5 3. Bf4 c5 4. e3 cxd4 5. exd4 a6 6. Bd3 Nc6 7. Nge2 Bg4 8. Qd2 e6 9. Ng3 Qb6 10. Bg5 Nh5 11. f3 Nxg3 12. hxg3 Bf5 13. Bxf5 exf5 14.
Nxd5 Qxb2 15. O-O f6 16. Nc7+ Kf7 17. Nxa8 fxg5 18. Rab1 Qxd4+ 19. Qxd4 Nxd4 20. Rxb7+ Kg6 21. Nb6 Bd6 22. Rd1 Nb5 23. Nc4 Bxg3 24. Rdd7 Kh5 25.
Ne3 Re8 26. Re7 Rxe7 27. Rxe7 Bd6 28. g4+ fxg4 29. fxg4+ Kg6 30. Re4 Kf7 31. Kg2 Nc3 32. Rc4 Nxa2 33. Nf5 Bf4 34. Ra4 Nc3 35. Rxa6 g6 36.
Nd4 Nd5 37. Ra7+ Kf6 38. Rxh7 Be5 39. Nf3 Ne3+ 40. Kh3 Bf4 41. c3 Nd1 42. c4 Nf2+ 43. Kg2 Nxg4 44. c5 Ne3+ 45. Kf2 Ke6 46. Rg7 Ng4+ 47. Ke2 Kd5 48. Rxg6 Kxc5 49. Nxg5 Ne5 50. Rg8 Bxg5 51. Rxg5 Kd4 52. Rg8 Ke4 53. Re8 Kd4 54. Rh8 Ke4 55. Rh4+ Kf5 56. Ke3 Ng4+ 57. Kd4 Nf6 58. Rh1 Ke6 59. Rf1 Ng4 60. Re1+ Kf5 61. Kd5 Nf6+ 62. Kd4 Ng4 63. Re8 Nf6 64. Ra8 Ng4 65.
Ra5+ Kf4 66. Kd5 Ne3+ 67. Ke6 Ke4 68. Ra4+ Kd3 69. Ke5 Nc4+ 70. Kf4 Kd4 71. Ra8 Kd5 72. Rd8+ Nd6 73. Rd7 Ke6 74. Rh7 Kd5 75. Rh5+ Kd4 76. Rh1 Nc4 77. Rd1+ Kc3 78. Ke4 Nd2+ 79. Kd5 Kd3 80.
Rh1 Ke3 81. Re1+ Kd3 82. Ra1 Kc3 83. Ke5 Nc4+ 84. Ke4 Nd2+ 85. Ke3 Nc4+ 86. Ke2 Kd4 87. Rc1 Ne5 88. Rh1 Ke4 89. Rh4+ Kf5 90. Ke3 Ng4+ 91.
Kd4 Nf6 92. Rh1 Ke6 93. Rf1 Nd5 94. Re1+ Kd6 95. Re5 Ne7 96. Ra5 Nc6+ 97. Kc4 Nxa5+ 1/2-1/2

[Event "*** SCC Grand Prix: Titled Tuesday Blitz"]
[Site "Chess.com"]
[Date "2020.08.25"]
[Round "4"]
[White "ClydeHillKid"]
[Black "Guenplen"]
[Result "0-1"]
[WhiteElo "2350"]
[BlackElo "2889"]
[TimeControl "180+1"]
[EndTime "10:43:25 PDT"]
[Termination "Guenplen won on time"]

1. e4 c5 2. Nf3 e6 3. d3 Nc6 4. g3 d6 5. Bg2 Nf6 6. O-O Be7 7. Re1 O-O 8. Nc3 Nd7 9. Be3 a6 10. d4 cxd4 11. Nxd4 Qc7 12. Nxc6 bxc6 13. f4 Rb8 14. b3 Bf6 15. Bd4 e5 16. fxe5 Bxe5 17.
Na4 c5 18. Bxe5 Nxe5 19. c4 Bb7 20. Qd2 Rbe8 21. Rad1 Re6 22. Rf1 Rfe8 23. Nc3 Qe7 24. Qe2 Qg5 25. Rf5 Qg4 26. Qe3 h6 27. Rdf1 Qg6 28.
Bh3 R6e7 29. R5f4 f6 30. Bf5 Qf7 31. Qe2 Nc6 32. Nd5 Nd4 33. Nxe7+ Rxe7 34. Qd3 Re5 35. Bh3 Qh5 36. Bg4 Qg6 37. Bf3 Nxf3+ 38. Qxf3 Bxe4 39.
Qd1 f5 40. Qd2 Qe6 41. R4f2 d5 42.
cxd5 Rxd5 43. Qe3 Qd6 44. Qf4 Qd7 45. Qb8+ Kh7 46. Qf4 Rd3 47. Qc1 Bb7 48. Qf4 Qd5 49. Re2 Qh1+ 50. Kf2 Qxh2+ 51. Ke1 Qxg3+ 52. Qxg3 Rxg3 53. Rxf5 Bc8 54. Rf7 Bg4 55. Ree7 Bh5 56. Rf8 Rg2 57. a4 Rg3 58. Ra8 Rxb3 59. Rxa6 Rb1+ 60. Kf2 Rb2+ 61. Ke3 Rb3+ 62. Kf4 Rb4+ 63. Kf5 Rg4 64. Raa7 Rg5+ 65. Kf4 c4 66. Rac7 Bd1 67. Ke3 Bxa4 68. Kd4 Bb5 69. Kc3 Rg3+ 70. Kb4 Rg5 71. Rb7 Bc6 72. Rbc7 Bd5 73.
Rcd7 Bg8 74. Rc7 Bd5 75. Rcd7 Bf3 76. Rc7 Bd1 77. Rcd7 Bb3 78. Kc3 Rg3+ 79. Kb4 Rg6 80. Rd5 Rg4 81. Rdd7 h5 82. Rd5 h4 83. Rh5+ Kg6 84.
Rh8 Bc2 85. Rg8 Kf6 86. Re1 Bd3 87. Rh8 g5 88. Rf8+ Kg7 89. Rf2 Kg6 90. Re6+ Kh5 91.
Rf8 Rf4 92. Rh8+ Kg4 93. Rg8 Rf5 94. Re1 h3 95. Rg1+ Kf4 96. Rh8 g4 97. Rh4 Be2 98.
Kc3 Bf3 99. Rh8 Ke3 100. Rh7 Kf2 101. Rxg4 Bxg4 102. Rh8 Rf4 0-1

[Event "*** SCC Grand Prix: Titled Tuesday Blitz"]
[Site "Chess.com"]
[Date "2020.08.25"]
[Round "4"]
[White "fianchettoer"]
[Black "el-roedor"]
[Result "0-1"]
[WhiteElo "2451"]
[BlackElo "2653"]
[TimeControl "180+1"]
[EndTime "10:43:44 PDT"]
[Termination "el-roedor won by checkmate"]

1. Nf3 c5 2. e3 g6 3. d4 Nf6 4.
b3 cxd4 5. exd4 d5 6. Bb2 Bg7 7.
Bd3 Bg4 8. Nbd2 O-O 9. O-O Nc6 10. a3 Rc8 11. h3 Bxf3 12. Nxf3 e6 13. Re1 Ne8 14. Ne5 Nd6 15. Qe2 Nf5 16. Bxf5 exf5 17. Rad1 Re8 18. Qd3 Qb6 19. Nd7 Qc7 20. Nc5 b6 21.
Na6 Qd7 22. Nb4 Re4 23. f3 Ree8 24. Nxc6 Qxc6 25. c3 Bh6 26. Kf1 Qd6 27. Rxe8+ Rxe8 28. Re1 Rxe1+ 29. Kxe1 Qh2 30. Qe2 Qg1+ 31. Qf1 Qe3+ 32. Qe2 Qg1+ 33. Qf1 Qxf1+ 34. Kxf1 b5 35. Ke2 Kf8 36.
Kd3 Ke7 37. c4 a6 38. a4 bxa4 39. Ba3+ Kd7 40. bxa4 Kc6 41. c5 Bf4 42. Bb4 Bc7 43.
Bd2 h5 44. Bg5 Kd7 45. Ke3 Kc6 46. Bf4 Bd8 47. Be5 Bg5+ 48. Kd3 Bd8 49. Kc3 Ba5+ 50. Kb3 Bd8 51. Kb4 Kd7 52. Kc3 Kc6 53. Kd3 Kd7 54.
Bf4 Kc6 55. Ke3 Bf6 56. Bd6 Bg5+ 57. Kd3 Bf6 58. Bf4 Bg7 59. Bg5 Bf8 60. Bf6 Bh6 61. Ke2 Bf4 62. Kd1 Bc7 63. Kc2 Kd7 64. Kd3 Ke6 65. Bg5 Kd7 66. Bc1 Kc6 67. Ba3 Bd8 68. Ke3 Bg5+ 69. Kf2 Bf6 70. Ke3 Bg5+ 71. Kd3 Bf4 72. Bb4 Bc7 73. Bd2 Kd7 74. Bg5 Kc6 75.
Bf6 Bf4 76. Ke2 Bh6 77. Be5 Bg5 78. Kf2 Bh4+ 79. Ke3 Bg5+ 80. Ke2 Be7 81. g4 hxg4 82. fxg4 fxg4 83. hxg4 Bg5 84. Kf3 Kd7 85. Bf4 Bf6 86.
Be3 Bg7 87. Kf4 Bh6+ 88. Kf3 Bg7 89. Bg1 Kc6 90. Kf4 Bh6+ 91. Ke5 Bg7+ 92. Kf4 Bh6+ 93. Kf3 Bg7 94. Bf2 Bh6 95. Bg3 Bg7 96. Ke3 Bh6+ 97. Kd3 Bg7 98. Bf4 Bf6 99. Bh6 Bd8 100.
Bg7 Bc7 101. Bf6 Ba5 102. Be5 Bd8 103. Ke3 Bg5+ 104. Kf3 Bd8 105. Kf4 Be7 106. Bb8 Bd8 107. Ke5 Bh4 108. Ba7 Bg5 109. Bb6 Bh4 110. Ba7 Bg5 111. Bb6 Bh4 112. Ba5 Be7 113. Bd2 Bd8 114. Bh6 Bh4 115. Bg7 Bd8 116. Bf6 Bc7# 0-1

[Event "*** SCC Grand Prix: Titled Tuesday Blitz"]
[Site "Chess.com"]
[Date "2020.08.25"]
[Round "4"]
[White "thedjoker98"]
[Black "Eliwood44"]
[Result "1/2-1/2"]
[WhiteElo "2576"]
[BlackElo "2385"]
[TimeControl "180+1"]
[EndTime "10:44:03 PDT"]
[Termination "Game drawn by 50-move rule"]

1. d4 Nf6 2. c4 e6 3. Nc3 d5 4.
cxd5 exd5 5. Bg5 c6 6. e3 Nbd7 7. Bd3 Be7 8. Nf3 h6 9. Bh4 Nh5 10. Bxe7 Qxe7 11. O-O O-O 12. Rb1 a5 13. a3 b5 14. e4 Nf4 15. exd5 b4 16. axb4 axb4 17. dxc6 Nb8 18. Ne2 Nxd3 19. Qxd3 Ba6 20. Qd2 Qxe2 21. Qxb4 Nxc6 22. Qc5 Qb5 23. Rfc1 Nb4 24. Ne5 Rac8 25. Qxb5 Bxb5 26. Rc3 Nd5 27. Rc5 Rxc5 28. dxc5 Rc8 29.
b4 f6 30. Nf3 Bd3 31. Rb2 Rb8 32. c6 Rxb4 33. c7 Ba6 34. Rxb4 Nxb4 35. Nd4 Nd5 36.
Nb5 Kf8 37. f3 Ke7 38. Kf2 Kd7 39. Nd4 Nxc7 40. Nf5 Ne6 41. h4 Bd3 42. Ng3 Ke7 43. Nh5 Kf7 44. g4 Bb1 45. Ng3 g6 46. Ke3 f5 47.
gxf5 Bxf5 48. h5 Kf6 49. hxg6 Bxg6 50. Ne2 h5 51. f4 Bf5 52. Ng3 h4 53. Nh1 Kg6 54.
Nf2 Kh5 55. Kf3 Nd4+ 56. Kg2 Nc2 57. Nd1 Kg4 58. Nf2+ Kxf4 59. Nd1 Ne1+ 60. Kf2 Nd3+ 61. Kg2 Ne5 62. Nf2 Ng4 63. Nh3+ Ke5 64. Ng5 Kf6 65.
Nf3 Be4 66. Kh3 Bxf3 67. Kxh4 Ne5 68. Kg3 Ba8 69. Kf2 Kf5 70. Ke3 Ng6 71. Kd4 Bh1 72.
Ke3 Ke5 73. Kd3 Be4+ 74. Ke3 Nf4 75. Kd2 Kd4 76. Kc1 Kc3 77. Kd1 Kd3 78. Kc1 Ne2+ 79. Kb2 Bd5 80. Ka3 Kc3 81. Ka4 Nd4 82. Ka3 Bc4 83.
Ka4 Nc6 84. Ka3 Bd3 85. Ka2 Bc2 86. Ka1 Nd4 87. Ka2 Bd1 88. Ka1 Kc2 89. Ka2 Be2 90.
Ka1 Bb5 91. Ka2 Nc6 92. Ka1 Na5 93. Ka2 Ba4 94. Ka1 Bb5 95. Ka2 Nc4 96. Ka1 Nd2 97.
Ka2 Nb1 98. Ka1 Nd2 99. Ka2 Nb1 100. Ka1 Bc6 101. Ka2 Bd5+ 102. Ka1 Be4 103. Ka2 Bd3 104. Ka1 Nd2 105. Ka2 Nc4 106. Ka1 Kc1 107. Ka2 Be2 108. Ka1 Bd1 109. Ka2 Kc2 110. Ka1 Bg4 111. Ka2 Bc8 112. Ka1 Bf5 113. Ka2 Kc3 114. Ka1 Bc2 115. Ka2 Bb3+ 116. Ka1 Ne3 117. Kb1 1/2-1/2

[Event "*** SCC Grand Prix: Titled Tuesday Blitz"]
[Site "Chess.com"]
[Date "2020.08.25"]
[Round "5"]
[White "vovachesss"]
[Black "exoticprincess"]
[Result "1/2-1/2"]
[WhiteElo "2588"]
[BlackElo "2868"]
[TimeControl "180+1"]
[EndTime "10:51:28 PDT"]
[Termination "Game drawn by repetition"]

1. c4 c6 2. Qa4 d5 3. cxd5 Qxd5 4. Nc3 Qd8 5. Nf3 Nf6 6. g3 g6 7. Bg2 Bg7 8. O-O O-O 9. d4 Nbd7 10. Rd1 Nb6 11. Qc2 Bg4 12. Ne5 Be6 13. e4 Qc8 14. Bf4 Rd8 15. a4 Bh3 16. Bh1 Nbd7 17. Nc4 Nb6 18.
Ne5 Nbd7 19. Nc4 Nb6 20. Ne5 1/2-1/2

[Event "*** SCC Grand Prix: Titled Tuesday Blitz"]
[Site "Chess.com"]
[Date "2020.08.25"]
[Round "5"]
[White "elohunter1999"]
[Black "jamalm2"]
[Result "1-0"]
[WhiteElo "2451"]
[BlackElo "1941"]
[TimeControl "180+1"]
[EndTime "10:52:08 PDT"]
[Termination "elohunter1999 won by checkmate"]

1. e4 c6 2. Nc3 d5 3. Nf3 dxe4 4. Nxe4 Bf5 5. Ng3 Bg6 6. h4 h6 7. Ne5 Bh7 8. Qh5 g6 9. Qf3 Nf6 10. Qb3 Qd5 11. Qxb7 Qxe5+ 12. Be2 Bg7 13. Qc8# 1-0

[Event "*** SCC Grand Prix: Titled Tuesday Blitz"]
[Site "Chess.com"]
[Date "2020.08.25"]
[Round "5"]
[White "TomasKapitanchuk"]
[Black "Sanyura"]
[Result "1-0"]
[WhiteElo "2401"]
[BlackElo "2505"]
[TimeControl "180+1"]
[EndTime "10:52:57 PDT"]
[Termination "TomasKapitanchuk won by checkmate"]

1. e4 c5 2. Nf3 e6 3. d4 cxd4 4. Nxd4 Nf6 5. Nc3 Nc6 6. Ndb5 Bc5 7. Nd6+ Ke7 8. Bf4 e5 9. Nf5+ Kf8 10. Bg5 h6 11.
Bh4 g6 12. Ne3 g5 13. Bg3 Bxe3 14. fxe3 d6 15. Bc4 Kg7 16. O-O Qb6 17. Qf3 Qd8 18.
Nd5 Nxd5 19. Qxf7# 1-0

[Event "*** SCC Grand Prix: Titled Tuesday Blitz"]
[Site "Chess.com"]
[Date "2020.08.25"]
[Round "5"]
[White "Jovidon91"]
[Black "krasavetc"]
[Result "1-0"]
[WhiteElo "2468"]
[BlackElo "2300"]
[TimeControl "180+1"]
[EndTime "10:53:11 PDT"]
[Termination "Jovidon91 won by resignation"]

1. d4 Nf6 2. Nc3 e6 3. e4 d5 4. exd5 exd5 5. Bd3 h6 6. Nge2 Bd6 7.
O-O c6 8. Ng3 O-O 9. Nf5 Bxf5 10. Bxf5 Re8 11. Ne2 Ne4 12. Ng3 Nd7 13. Bxh6 gxh6 14.
Qg4+ Kf8 15. Bxd7 Nf6 16. Qh4 Nxd7 17. Qxh6+ Kg8 18. Qxd6 1-0

[Event "*** SCC Grand Prix: Titled Tuesday Blitz"]
[Site "Chess.com"]
[Date "2020.08.25"]
[Round "5"]
[White "guillembaches"]
[Black "Rhinos1"]
[Result "1-0"]
[WhiteElo "2412"]
[BlackElo "2214"]
[TimeControl "180+1"]
[EndTime "10:53:15 PDT"]
[Termination "guillembaches won by resignation"]

1. e4 e5 2. Nf3 Nc6 3. Nc3 Nf6 4.
d4 d6 5. dxe5 dxe5 6. Qxd8+ Kxd8 7. Bg5 Bb4 8. O-O-O+ Bd6 9. Nd5 Be6 10. Nxf6 gxf6 11. Bxf6+ Kd7 12. Bxh8 Rxh8 13. Bb5 Rg8 14. Nxe5+ Kc8 15. Nxc6 bxc6 16. Bxc6 Rxg2 17. e5 Rxf2 18. exd6 cxd6 19. Bd5 Kc7 20. Bxe6 fxe6 21. Rdf1 Rg2 22. Rf7+ Kc6 23. Rxh7 e5 24. Rxa7 e4 25. Re7 Kc5 26. h4 d5 27. h5 Kd4 28. h6 e3 29.
h7 e2 30. h8=Q+ Kc4 31. Rc7+ Kb5 32. Qb8+ 1-0

[Event "*** SCC Grand Prix: Titled Tuesday Blitz"]
[Site "Chess.com"]
[Date "2020.08.25"]
[Round "5"]
[White "laboratorio25"]
[Black "grandcoach"]
[Result "1-0"]
[WhiteElo "2356"]
[BlackElo "2090"]
[TimeControl "180+1"]
[EndTime "10:53:28 PDT"]
[Termination "laboratorio25 won by checkmate"]

1. e4 c5 2. Nf3 Nc6 3. d4 cxd4 4. Nxd4 e5 5. Nb5 d6 6. c4 Be7 7. N1c3 a6 8. Na3 f5 9. exf5 Bxf5 10.
Bd3 Be6 11. O-O Nf6 12. Nc2 O-O 13. Ne3 Rc8 14. b3 Nd4 15. Ne2 Nxe2+ 16. Qxe2 d5 17. cxd5 Nxd5 18. Nxd5 Bxd5 19. Bb2 Bd6 20. Bxh7+ Kxh7 21. Qd3+ e4 22. Qh3+ Kg8 23. Rad1 Qg5 24. Qd7 Rc6 25.
Rxd5 Qxd5 26. Qxg7# 1-0

[Event "*** SCC Grand Prix: Titled Tuesday Blitz"]
[Site "Chess.com"]
[Date "2020.08.25"]
[Round "5"]
[White "winniethepooh04"]
[Black "ChainsOfFantasia"]
[Result "0-1"]
[WhiteElo "2159"]
[BlackElo "2476"]
[TimeControl "180+1"]
[EndTime "10:53:33 PDT"]
[Termination "ChainsOfFantasia won by resignation"]

1. e4 e6 2. d4 d5 3. Nd2 c5 4. exd5 Qxd5 5. Ngf3 cxd4 6. Bc4 Qd7 7.
O-O Nc6 8. Nb3 a6 9. Nbxd4 Nxd4 10. Nxd4 Qc7 11. Bb3 Nf6 12. c3 Bd6 13. h3 O-O 14. a4 b6 15. Bg5 Bh2+ 16. Kh1 Bf4 17. Bxf6 gxf6 18. Qg4+ Kh8 19. Bc2 f5 20. Qh5 Bb7 21. f3 Rg8 22. Rae1 Rg5 23. Qh4 Rag8 24. Ne2 Rxg2 25. Nxf4 Rxc2 26. Qf6+ Rg7 27. Rd1 Rh2+ 28. Kxh2 Qxf4+ 29. Kh1 Bxf3+ 0-1

[Event "*** SCC Grand Prix: Titled Tuesday Blitz"]
[Site "Chess.com"]
[Date "2020.08.25"]
[Round "5"]
[White "MuradNuri"]
[Black "cassoulet"]
[Result "0-1"]
[WhiteElo "2473"]
[BlackElo "2708"]
[TimeControl "180+1"]
[EndTime "10:53:35 PDT"]
[Termination "cassoulet won by resignation"]

1. e4 c5 2. Nf3 Nc6 3. d4 cxd4 4.
Nxd4 Nf6 5. Nc3 e6 6. a3 Bc5 7.
Nxc6 bxc6 8. e5 Nd5 9. Ne4 Be7 10.
c4 Nb6 11. Bd3 c5 12. O-O Bb7 13. Qg4 Kf8 14. Bf4 Nxc4 15. Nxc5 Bxc5 16. Bxc4 h5 17. Qe2 Qh4 18. Bg3 Qg5 19. b4 Bb6 20. h4 Qxg3 0-1

[Event "*** SCC Grand Prix: Titled Tuesday Blitz"]
[Site "Chess.com"]
[Date "2020.08.25"]
[Round "5"]
[White "XiaoKangZhong"]
[Black "jacky72"]
[Result "1-0"]
[WhiteElo "2426"]
[BlackElo "2539"]
[TimeControl "180+1"]
[EndTime "10:53:52 PDT"]
[Termination "XiaoKangZhong won by checkmate"]

1. e4 e5 2. Nf3 Nc6 3. Bc4 Bc5 4. c3 Nf6 5. d3 d6 6. Nbd2 a6 7. Bb3 h6 8. O-O Ba7 9. Re1 g5 10. Nf1 g4 11. Nh4 Nxe4 12. dxe4 Qxh4 13. Ng3 Be6 14. Bxe6 fxe6 15. Qb3 Kd7 16. Be3 Bxe3 17. Rxe3 Qf6 18. Rd1 h5 19. Red3 h4 20. Nf1 Rhf8 21. R1d2 h3 22.
Qxb7 Nd4 23. Qb4 hxg2 24. Kxg2 Nf3 25. Rxd6+ cxd6 26. Qxd6+ Ke8 27. Qd7# 1-0

[Event "*** SCC Grand Prix: Titled Tuesday Blitz"]
[Site "Chess.com"]
[Date "2020.08.25"]
[Round "5"]
[White "ARTHURMOTIVATOR"]
[Black "TokChess"]
[Result "1-0"]
[WhiteElo "2264"]
[BlackElo "2413"]
[TimeControl "180+1"]
[EndTime "10:53:55 PDT"]
[Termination "ARTHURMOTIVATOR won by resignation"]

1. e4 c5 2. b3 Nf6 3. e5 Nd5 4. Nf3 e6 5. Nc3 Nxc3 6. dxc3 Nc6 7.
Bf4 Be7 8. Bd3 d6 9. Qe2 O-O 10.
O-O-O d5 11. h4 a5 12. Bxh7+ Kh8 13. Ng5 g6 14. Qg4 Kg7 15. h5 Rh8 16. hxg6 fxg6 17. Nxe6+ Bxe6 1-0

[Event "*** SCC Grand Prix: Titled Tuesday Blitz"]
[Site "Chess.com"]
[Date "2020.08.25"]
[Round "5"]
[White "checkitas"]
[Black "chessplayer9919"]
[Result "0-1"]
[WhiteElo "2249"]
[BlackElo "2601"]
[TimeControl "180+1"]
[EndTime "10:54:04 PDT"]
[Termination "chessplayer9919 won by checkmate"]

1. d4 Nf6 2. c4 c5 3. d5 b5 4. cxb5 a6 5. bxa6 g6 6. Nc3 Bg7 7. Nf3 O-O 8. g3 Qa5 9. Bd2 Bxa6 10. e4 d6 11. Be2 Nbd7 12. O-O Rfb8 13. Rb1 Bxe2 14. Qxe2 Qa6 15. Rfe1 Ng4 16. Qxa6 Rxa6 17. Bg5 Kf8 18. h3 Nge5 19. Nxe5 Nxe5 20. Red1 Nf3+ 21.
Kg2 Nxg5 22. f4 Bxc3 23. bxc3 Rxa2+ 24. Kh1 Rxb1 25. Rxb1 Nxe4 26. Rb8+ Kg7 27. Rb7 Kf6 28. g4 Nxc3 29. g5+ Kf5 30. Rxe7 Kxf4 31. Rxf7+ Kg3 32. Rxh7 Ra1# 0-1

[Event "*** SCC Grand Prix: Titled Tuesday Blitz"]
[Site "Chess.com"]
[Date "2020.08.25"]
[Round "5"]
[White "EndGameDestroyer"]
[Black "j2806"]
[Result "1-0"]
[WhiteElo "2248"]
[BlackElo "2031"]
[TimeControl "180+1"]
[EndTime "10:54:10 PDT"]
[Termination "EndGameDestroyer won by resignation"]

1. e4 c5 2. f4 Nc6 3. Nf3 g6 4. Bb5 Qc7 5. O-O Nd4 6. Nxd4 cxd4 7. d3 Bg7 8. Nd2 a6 9. Bc4 b5 10. Bb3 e6 11. f5 gxf5 12. exf5 Nf6 13. Ne4 Nxe4 14. dxe4 e5 15. f6 Bf8 16. Qh5 d6 17. a4 bxa4 18. Rxa4 Bb7 19. Rc4 Qb6 20. Ba4+ Kd8 21. Qxf7 1-0

[Event "*** SCC Grand Prix: Titled Tuesday Blitz"]
[Site "Chess.com"]
[Date "2020.08.25"]
[Round "5"]
[White "Iskusnyh"]
[Black "Artooooo"]
[Result "1-0"]
[WhiteElo "2573"]
[BlackElo "2766"]
[TimeControl "180+1"]
[EndTime "10:54:16 PDT"]
[Termination "Iskusnyh won by resignation"]

1. d4 Nf6 2. c4 e6 3. g3 d5 4. Nf3 dxc4 5. Bg2 b5 6. Ne5 Nd5 7. a4 c6 8. O-O Bb7 9. e4 Nf6 10. Nc3 a6 11. d5 cxd5 12. exd5 Nxd5 13. Nxd5 exd5 14. Qh5 Qf6 15. Bg5 Qf5 16. Rfe1 g6 17.
Nxg6+ 1-0

[Event "*** SCC Grand Prix: Titled Tuesday Blitz"]
[Site "Chess.com"]
[Date "2020.08.25"]
[Round "5"]
[White "Arjun2002"]
[Black "KuzubovYuriy"]
[Result "1/2-1/2"]
[WhiteElo "2716"]
[BlackElo "2867"]
[TimeControl "180+1"]
[EndTime "10:54:25 PDT"]
[Termination "Game drawn by agreement"]

1. e4 c5 2. Nf3 Nc6 3. d4 cxd4 4. Nxd4 Nf6 5. Nc3 e5 6. Ndb5 d6 7. Bg5 a6 8. Na3 b5 9. Nd5 Be7 10. Bxf6 Bxf6 11. c3 Bg5 12. Nc2 Ne7 13. a4 bxa4 14. Ncb4 O-O 15. Rxa4 a5 16. Nxe7+ Qxe7 17. Nd5 Qb7 18.
b3 Bd7 19. Ra3 Rfc8 20. Bc4 a4 21. O-O Be6 22. h3 Qc6 23. Qd3 axb3 24. Rxa8 Rxa8 25. Bxb3 h6 26. Rb1 Qc5 27. Qc4 Rb8 28. Qxc5 dxc5 29.
Ba2 Rxb1+ 30. Bxb1 Bxd5 31. exd5 Be7 32. c4 1/2-1/2

[Event "*** SCC Grand Prix: Titled Tuesday Blitz"]
[Site "Chess.com"]
[Date "2020.08.25"]
[Round "5"]
[White "OparinGrigoriy"]
[Black "secretsuperstar7"]
[Result "1-0"]
[WhiteElo "2966"]
[BlackElo "2193"]
[TimeControl "180+1"]
[EndTime "10:54:36 PDT"]
[Termination "OparinGrigoriy won by resignation"]

1. d4 Nf6 2. Nf3 d5 3. c4 e6 4. g3 dxc4 5. Bg2 Nc6 6. O-O a6 7. a4 Rb8 8. a5 b5 9. axb6 cxb6 10. Ne5 Nxe5 11. dxe5 Nd5 12. Nc3 Nxc3 13. bxc3 Be7 14.
Qxd8+ Kxd8 15. Rd1+ Kc7 16. Rd4 b5 17. Rf4 f6 18.
Be3 g5 19. Rxf6 Bxf6 20. exf6 Rf8 21. Bxg5 e5 22. f4 exf4 23. Bxf4+ Kd8 24. Bxb8 Rxf6 25. Rd1+ Bd7 26. Bf4 Kc8 27. e4 a5 28. e5 Rf8 29.
Rd6 b4 30. Ra6 b3 31. Ra8+ Kc7 32. e6+ Kb6 33. Rxf8 a4 34. exd7 b2 35. Rb8+ Kc5 36. d8=Q 1-0

[Event "*** SCC Grand Prix: Titled Tuesday Blitz"]
[Site "Chess.com"]
[Date "2020.08.25"]
[Round "5"]
[White "StephenDedalus83"]
[Black "googlegoom"]
[Result "1-0"]
[WhiteElo "2735"]
[BlackElo "2442"]
[TimeControl "180+1"]
[EndTime "10:54:37 PDT"]
[Termination "StephenDedalus83 won by resignation"]

1. e4 c5 2. Nf3 Nc6 3. d4 cxd4 4. Nxd4 Qb6 5. Nb3 Nf6 6. Nc3 e6 7. Bd3 d6 8. Qe2 a6 9. f4 Qc7 10. Be3 b5 11. O-O-O Bb7 12. g4 h6 13. h4 h5 14. g5 Ng4 15. Bg1 g6 16. f5 Nce5 17.
Rh3 Bg7 18. f6 Bf8 19. Kb1 Rc8 20. Nd4 Nc4 21. Ndxb5 axb5 22. Nxb5 Qc6 23. Na7 Qc7 24. Nxc8 Na5 25. Bb5+ 1-0

[Event "*** SCC Grand Prix: Titled Tuesday Blitz"]
[Site "Chess.com"]
[Date "2020.08.25"]
[Round "5"]
[White "Guenplen"]
[Black "londonkid"]
[Result "1-0"]
[WhiteElo "2890"]
[BlackElo "2449"]
[TimeControl "180+1"]
[EndTime "10:54:39 PDT"]
[Termination "Guenplen won by checkmate"]

1. d4 Nf6 2. Bf4 e6 3. e3 b6 4.
Qf3 Nc6 5. Nc3 Bb7 6. O-O-O Bb4 7.
Nge2 O-O 8. a3 Be7 9. Qh3 a6 10. Rg1 b5 11. g4 b4 12. axb4 Nxb4 13. g5 Nfd5 14. Nxd5 Bxd5 15. Nc3 c5 16. e4 cxd4 17. Rxd4 Qa5 18. exd5 Qa1+ 19. Kd2 Qxb2 20. Bd3 g6 21. Rb1 Qa3 22. Be5 Rac8 23. Qxh7+ Kxh7 24. Rh4+ Kg8 25. Rh8# 1-0

[Event "*** SCC Grand Prix: Titled Tuesday Blitz"]
[Site "Chess.com"]
[Date "2020.08.25"]
[Round "5"]
[White "NotFischer"]
[Black "AntonovaNadezhda"]
[Result "1-0"]
[WhiteElo "2180"]
[BlackElo "2012"]
[TimeControl "180+1"]
[EndTime "10:54:46 PDT"]
[Termination "NotFischer won by checkmate"]

1. e4 c5 2. Nf3 d6 3. d4 cxd4 4.
Nxd4 Nf6 5. Nc3 a6 6. h3 e5 7. Nde2 Be7 8. g4 O-O 9. Bg2 Nc6 10. O-O b5 11. Be3 Bb7 12. Ng3 g6 13. g5 Ne8 14. h4 Nc7 15. Nd5 Nxd5 16. exd5 Na5 17. b3 Rc8 18. Be4 Ba8 19. Qg4 Rc7 20. Nf5 Qc8 21.
Bb6 gxf5 22. Bxf5 Qb8 23. Qh5 Rd8 24. Qxh7+ Kf8 25. Qh8# 1-0